 Dungeon Crawl Stone Soup version 0.26-a0-648-g87339cca5e (webtiles) character file.

Game seed: 7621542191010697458

1127 Peloso the Slasher (level 8, -10/69 HPs)
             Began as a Minotaur Fighter on Sept 25, 2020.
             Was a Follower of Okawaru.
             Blown up by an orc wizard (14 damage)
             ... with a disintegration bolt
             ... on level 5 of the Dungeon.
             The game lasted 00:06:12 (4635 turns).

Peloso the Slasher (Minotaur Fighter)               Turns: 4635, Time: 00:06:13

Health: -10/69     AC: 12    Str: 22    XL:     8   Next: 13%
Magic:  7/7        EV:  7    Int:  5    God:    Okawaru [*.....]
Gold:   241        SH: 10    Dex: 11    Spells: 7/7 levels left

rFire    . . .     SeeInvis .   a - +0 long sword
rCold    . . .     Faith    .   c - +0 kite shield
rNeg     . . .     Spirit   .   l - +0 chain mail
rPois    .         Reflect  .   (helmet restricted)
rElec    .         Harm     .   m - +1 cloak
rCorr    .         Rampage  .   (no gloves)
MR       +....                  (no boots)
Stlth    ..........             (no amulet)
HPRegen  0.21/turn              g - ring of protection from magic
MPRegen  0.10/turn              s - ring of stealth

@: no status effects
A: retaliatory headbutt, horns 2
a: Heroism, Renounce Religion


You were on level 5 of the Dungeon.
You worshipped Okawaru.
Okawaru was aware of your devotion.
You visited 1 branch of the dungeon, and saw 5 of its levels.

You collected 241 gold pieces.

Inventory:

Hand Weapons
 a - a +0 long sword (weapon)
Missiles
 h - 20 bolts
Armour
 b - a +0 scale mail
 c - a +0 kite shield (worn)
 l - a +0 chain mail (worn)
 m - a +1 cloak (worn)
Jewellery
 g - a ring of protection from magic (left hand)
 s - a ring of stealth (right hand)
Scrolls
 e - a scroll of magic mapping {unknown}
 f - 7 scrolls of identify
 i - 2 scrolls of blinking {unknown}
 j - 2 scrolls of amnesia {unknown}
 k - 3 scrolls of fear {unknown}
 o - 2 scrolls of enchant armour {unknown}
 q - 5 scrolls of remove curse {unknown}
 r - 2 scrolls of immolation {unknown}
 u - a scroll of teleportation {unknown}
 v - a scroll of enchant weapon {unknown}
Potions
 d - a potion of might
 n - a potion of heal wounds
 p - a potion of stabbing
 t - a potion of flight {unknown}


   Skills:
 + Level 5.4 Fighting
 + Level 7.3 Long Blades
 + Level 6.9 Armour
 + Level 1.7 Dodging
 + Level 0.6 Stealth
 + Level 6.1 Shields


You had 7 spell levels left.
You didn't know any spells.
Your spell library was empty.

Dungeon Overview and Level Annotations

Branches:
Dungeon (5/15)             Temple (0/1) D:4

Altars:
Nemelex Xobeh
Okawaru
Ru
The Shining One


Innate Abilities, Weirdness & Mutations

You reflexively headbutt those who attack you in melee.
You have a pair of horns on your head.


Message History

The orc wizard zaps a wand.
You resist with some effort.
The orc wizard hits you but does no damage.
You block the orc's attack.
You hit the orc.
You kill the orc!
Okawaru accepts your kill.
The orc wizard hits you but does no damage.
The orc wizard zaps a wand.
You are blasted!
Items here: ) [[ ††.
The orc wizard zaps a wand.
You resist with some effort. You block the orc wizard's attack.
The orc wizard zaps a wand.
You resist with some effort.
Items here: ) [[ ††.
You closely miss the orc wizard.
The orc wizard hits you but does no damage.
The orc wizard zaps a wand.
You are blasted!
* * * LOW HITPOINT WARNING * * *
You closely miss the orc wizard. Your headbutt misses the orc wizard.
The orc wizard zaps a wand.
You are blasted!
You die...

### #..
#.# #.#
#.# #@#
#o##
#..##
###
#...#
######..
##.##
#.<....#
#.#
#.######
#.#
#.......
#.#
########
#.#


You could see an orc wizard (fast).

Vanquished Creatures
  Edmund (D:5)
  A black bear (D:5)
  An orc warrior (D:4)
  A sky beast (D:5)
  A phantom (D:5)
  An ogre (D:3)
  A centaur (D:5)
  A scorpion (D:2)
  2 hounds
  A bullfrog skeleton (D:4)
  An orc wizard (D:3)
  Natasha (thrice) (D:2)
  A worker ant (D:4)
  A howler monkey zombie (D:5)
  A howler monkey skeleton (D:4)
  8 adders
  2 gnolls
  An ufetubus (D:5)
  An ooze (D:4)
  4 dart slugs
  2 leopard geckos
  10 orcs
  3 ball pythons
  6 giant cockroaches
  9 goblins
  8 hobgoblins
  11 jackals
  4 quokkas
  7 bats
  3 frilled lizards
  6 kobolds
  A leopard gecko skeleton (D:5)
  8 rats
112 creatures vanquished.

Notes
Turn   | Place    | Note
-------+----------+-------------------------------------------
     0 | D:1      | Peloso the Minotaur Fighter began the quest for the Orb.
     0 | D:1      | Reached XP level 1. HP: 19/19 MP: 0/0
   287 | D:1      | Reached XP level 2. HP: 19/27 MP: 1/1
   856 | D:1      | Reached skill level 3 in Long Blades
   856 | D:1      | Reached XP level 3. HP: 28/33 MP: 2/2
  1115 | D:2      | Noticed Natasha
  1124 | D:2      | Killed Natasha
  1124 | D:2      | Reached XP level 4. HP: 11/40 MP: 3/3
  1175 | D:2      | Noticed Natasha
  1182 | D:2      | Killed Natasha
  1386 | D:2      | Noticed Natasha
  1397 | D:2      | Killed Natasha
  1669 | D:2      | Reached skill level 4 in Long Blades
  1669 | D:2      | Reached XP level 5. HP: 46/46 MP: 4/4
  1741 | D:2      | Found a glowing golden altar of the Shining One.
  1777 | D:2      | Reached skill level 5 in Armour
  1777 | D:2      | Reached skill level 1 in Dodging
  2276 | D:3      | Noticed an ogre
  2283 | D:3      | Killed an ogre
  2283 | D:3      | Reached XP level 6. HP: 35/53 MP: 5/5
  2394 | D:3      | Found a sacrificial altar of Ru.
  2696 | D:3      | Reached skill level 5 in Long Blades
  3098 | D:4      | Found an iron altar of Okawaru.
  3104 | D:4      | Became a worshipper of Warmaster Okawaru
  3205 | D:4      | Noticed an orc warrior
  3232 | D:4      | Killed an orc warrior
  3232 | D:4      | Reached skill level 5 in Shields
  3232 | D:4      | Reached XP level 7. HP: 36/60 MP: 6/6
  3574 | D:4      | Found a staircase to the Ecumenical Temple.
  3731 | D:5      | Entered Level 5 of the Dungeon
  3757 | D:5      | Reached skill level 5 in Fighting
  3757 | D:5      | Reached skill level 6 in Long Blades
  3858 | D:5      | Reached * piety under Okawaru
  4021 | D:5      | Found a sparkling altar of Nemelex Xobeh.
  4243 | D:5      | Noticed Edmund
  4262 | D:5      | Killed Edmund
  4262 | D:5      | Reached skill level 7 in Long Blades
  4262 | D:5      | Reached XP level 8. HP: 66/68 MP: 7/7
  4635 | D:5      | Blown up by an orc wizard

Illustrated notes

Levels and vault maps discovered:
D:1:      mrwooster_arrival_statue_3, layout_basic, st_stairs_14,
          chequers_serial_rivers_room_b
D:2:      layout_basic, overflow_temple_1_default, minmay_indecisive_spiral,
          uniq_natasha
D:3:      minmay_diamond_boxcup, layout_loops_corners,
          nicolae_ru_great_annihilating_truth
D:4:      layout_cave_pools, lemuel_crystal_altar,
          minmay_temple_entry_large_hall, kennysheep_generic_room_16
D:5:      layout_loops_ring, nemelex_xobeh_ov_fountains_minmay, uniq_edmund

Skill      XL: |  1  2  3  4  5  6  7 |
---------------+----------------------+-----
Fighting       | 4 5 |  5.4
Shields        | 4 5 6 |  6.1
Long Blades    | 3 4 5 7 |  7.3
Armour         | 4 5 6 |  6.9
Dodging        | 1 |  1.7
Stealth        | |  0.6

Action                   |  1- 3 |  4- 6 |  7- 9 || total
-------------------------+-------+-------+-------++-------
Melee: Long sword        |    53 |   145 |   139 ||   337
       Headbutt          |    11 |    25 |    23 ||    59
  Use: Potion            |     3 |       |       ||     3
       Scroll            |       |     1 |       ||     1
 Stab: Paralysed         |       |     1 |       ||     1
Armor: Scale mail        |    24 |    15 |       ||    39
       Chain mail        |       |    61 |    92 ||   153
Dodge: Dodged            |    17 |    35 |    26 ||    78
Block: Kite shield       |    24 |    79 |    81 ||   184
       Rpst.: Long sword |     2 |    13 |     5 ||    20

Table legend: (Time is in decaauts)
 A = Elapsed time spent in this place.
 B = Non-inter-level travel time spent in this place.
 C = Inter-level travel time spent in this place.
 D = Time resting spent in this place.
 E = Time spent auto-exploring this place.
 F = Levels seen in this place.
 G = Mean time per level.
                   A        B        C        D        E       F      G
               +--------+--------+--------+--------+--------+-----+--------+
         Total |   4706 |   4615 |     91 |      0 |   3674 |   5 |  941.2 |
       Dungeon |   4706 |   4615 |     91 |      0 |   3674 |   5 |  941.2 |
               +--------+--------+--------+--------+--------+-----+--------+

Top non-repeatable levels by time:
     D:3: 1063 daAuts
     D:2: 1043 daAuts
     D:1: 967 daAuts
     D:5: 917 daAuts
     D:4: 715 daAuts
